 Dungeon Crawl Stone Soup version 0.31.0-11-ge490571c62 (webtiles) character file.

Game seed: 5242637117249364640

1289 sanka the Basher (level 8, -1/66 HPs)
             Began as a Minotaur Fighter on Jan 27, 2024.
             Was a Follower of the Shining One.
             Killed from afar by an electric eel (9 damage)
             ... with a bolt of electricity
             ... on level 6 of the Dungeon.
             The game lasted 00:06:07 (4473 turns).

sanka the Basher (Minotaur Fighter)                 Turns: 4473, Time: 00:06:08

Health: -1/66      AC: 10    Str: 28    XL:     8   Next: 30%
Magic:  7/7        EV:  9    Int:  5    God:    the Shining One [*.....]
Gold:   214        SH:  0    Dex: 11    Spells: 7/7 levels left

rFire   . . .        a - +0 morningstar
rCold   . . .        j - orb {mayhem}
rNeg    . . .        o - +0 chain mail
rPois   .            (helmet restricted)
rElec   .            (no cloak)
rCorr   .            i - +0 pair of gloves
SInv    .            (no boots)
Will    .....        (no amulet) Stlth
                     g - +6 ring of strength
HPRegen 0.31/turn    (no ring)
MPRegen 0.10/turn

%: mayhem
@: glowing
A: horns 2, retaliatory headbutt
a: Renounce Religion, Divine Shield


You were on level 6 of the Dungeon.
You worshipped the Shining One.
The Shining One was aware of your devotion.
You visited 2 branches of the dungeon, and saw 7 of its levels.

You collected 214 gold pieces.


Innate Abilities, Weirdness & Mutations

You have a pair of horns on your head.
You reflexively headbutt those who attack you in melee.


   Skills:
 + Level 4.1 Fighting
 - Level 12.0 Maces & Flails
 + Level 3.8 Armour
 - Level 3.6 Shields


You had 7 spell levels left.
You didn't know any spells.
Your spell library contained the following spells:

 Spells                   Type           Power      Damage    Failure   Level
 Sandblast                Erth           0%         2d4       93%         1
 Shock                    Conj/Air       0%         1d3       93%         1
 Slow                     Hex            0%         N/A       93%         1
 Ensorcelled Hibernation  Hex/Ice        0%         N/A       98%         2
 Lesser Beckoning         Tloc           0%         N/A       98%         2
 Confusing Touch          Hex            0%         N/A       100%        3
 Gell's Gravitas          Tloc           0%         N/A       100%        3
 Inner Flame              Hex/Fire       0%         N/A       100%        3
 Passwall                 Erth           0%         N/A       100%        3
 Sigil of Binding         Hex            0%         N/A       100%        3
 Stone Arrow              Conj/Erth      0%         3d7       100%        3
 Swiftness                Air            0%         N/A       100%        3
 Teleport Other           Tloc           0%         N/A       100%        3
 Vampiric Draining        Necr           0%         2d6       100%        3
 Airstrike                Air            0%         2d(0-16)  100%        4
 Brom's Barrelling Bould  Conj/Erth      0%         2d3       100%        4
 Flame Wave               Conj/Fire      0%         2d4       100%        4
 Sticky Flame             Fire/Alch      0%         2d4       100%        4

Inventory:

Hand Weapons
 a - a +0 morningstar (weapon)
Missiles
 w - a throwing net {=f}
Armour
 c - a +0 buckler
 i - a +0 pair of gloves (worn)
 j - an orb of mayhem (worn)
 o - a +0 chain mail (worn)
 v - a +0 cloak
Jewellery
 g - a +6 ring of strength (left hand)
 k - a ring of fire
 n - a ring of fire
Talismans
 t - a beast talisman
 z - a beast talisman
Wands
 u - a wand of polymorph (6)
Scrolls
 b - a scroll of poison {unknown}
 e - 2 scrolls of identify {unknown}
 h - a scroll of enchant armour {unknown}
 p - a scroll of revelation {unknown}
 x - 2 scrolls of amnesia {unknown}
 y - a scroll of vulnerability {unknown}
 A - a scroll of teleportation {unknown}
Potions
 d - 2 potions of might
 f - a potion of berserk rage {unknown}
 l - a potion of curing {unknown}
 m - 2 potions of heal wounds {unknown}
 q - a potion of invisibility {unknown}
 r - a potion of brilliance {unknown}
 s - a potion of mutation {unknown}

Dungeon Overview and Level Annotations

Branches:
Dungeon (6/15)             Temple (1/1) D:4

Altars:
Ashenzari
Cheibriados
Dithmenos
Hepliaklqana
Nemelex Xobeh
Okawaru
Qazlal
Sif Muna
Trog
Uskayaw
Xom
Yredelemnul
Zin
The Shining One

Shops:
D:3 *

Annotations:
D:4 1 transporter, sanka's ghost, amateur HOFi
D:6 3 runed translucent doors

▒.▒...............▒
▒.▒~.~.~.~.~.~.~.~▒▒▒
..▒.................▒
▒.▒~.~.~.~.~.~.~.~▒
▒.▒.........(.....▒
▒.▒~.~.~.~.~.~.~.~▒
..▒...............▒
...~.~.~.~.~.~.~.~▒
.<..............H.▒
▒.▒~.~.~.~.~.~.~.S...▒
▒.▒...............▒▒.▒
▒.▒▒.~.~.~.~.~.~.▒▒ ▒
▒.▒ ▒▒.▒▒▒▒....▒▒▒ .▒
.▒ ▒.▒▒.. ▒. ▒. . ▒.


You could see an electric eel.


Message History

The hound barks!
You completely miss the hound. You headbutt the hound.
The hound is lightly wounded.
The hound splashes around in the water.
You closely miss the hound. You headbutt the hound!
The hound is almost dead.
The hound bites you.
The hound splashes around in the water.
You sock the hound!
You kill the hound!
Found 4 curare-tipped darts.
An electric eel comes into view.
The electric eel shoots out a bolt of lightning at you!
The bolt of electricity hits you.
The electric eel shoots out a bolt of lightning at you!
The bolt of electricity hits you!
You see here 4 curare-tipped darts {=f}.
You enter the shallow water.
The electric eel shoots out a bolt of lightning at you!
The bolt of electricity hits you!
* * * LOW HITPOINT WARNING * * *
You enter the shallow water.
The electric eel shoots out a bolt of lightning at you!
The bolt of electricity hits you!
* * * LOW HITPOINT WARNING * * *
The electric eel shoots out a bolt of lightning at you!
The bolt of electricity hits you!
You die...

Action                     |  1- 3 |  4- 6 |  7- 9 || total
---------------------------+-------+-------+-------++-------
  Melee: Flail             |    81 |    71 |       ||   152
         Headbutt          |    12 |     9 |    22 ||    43
         Morningstar       |       |     5 |    77 ||    82
         Unarmed           |       |     4 |       ||     4
 Armour: Scale mail        |    28 |       |       ||    28
         Chain mail        |    19 |    77 |    77 ||   173
         Skin              |       |     1 |       ||     1
  Dodge: Dodged            |    41 |    42 |    27 ||   110
  Block: Buckler           |     4 |       |       ||     4

Levels and vault maps discovered:
D:1:      wheals_arrival_shading, layout_loops_corners, minmay_split_cup_large
D:2:      layout_basic
D:3:      layout_loops_ring, serial_shops, nicolae_shop_rolling_square,
          uniq_ijyb, uniq_robin, uniq_sigmund
D:4:      layout_loops_ring, minmay_temple_entry_sparse_star,
          gammafunk_ghost_smash, eino_tiny_chamber
D:5:      layout_loops_corners
D:6:      layout_loops_ring, mainiacjoe_overflow_cross_hatched, enter_ossuary_1,
          gammafunk_ghost_icy, fountainhead, serial_library_hellmonk_hallway_a,
          kennysheep_crisscross
Temple:   minmay_temple_curvy_branch

Notes
Turn   | Place    | Note
-------+----------+-------------------------------------------
     0 | D:1      | sanka the Minotaur Fighter began the quest for the Orb.
     0 | D:1      | Reached XP level 1. HP: 19/19 MP: 0/0
   168 | D:1      | Reached skill level 4 in Fighting
   168 | D:1      | Reached skill level 3 in Maces & Flails
   168 | D:1      | Reached XP level 2. HP: 26/27 MP: 1/1
   397 | D:1      | Reached skill level 4 in Maces & Flails
   397 | D:1      | Reached XP level 3. HP: 33/33 MP: 2/2
  1445 | D:2      | Reached skill level 5 in Maces & Flails
  1503 | D:2      | Reached XP level 4. HP: 40/40 MP: 3/3
  1872 | D:3      | Noticed Robin
  1906 | D:3      | Killed Robin
  1907 | D:3      | Reached skill level 6 in Maces & Flails
  2076 | D:3      | Reached XP level 5. HP: 38/46 MP: 4/4
  2276 | D:3      | Noticed Sigmund
  2282 | D:3      | Killed Sigmund
  2283 | D:3      | Reached skill level 7 in Maces & Flails
  2283 | D:3      | Reached XP level 6. HP: 43/52 MP: 5/5
  2343 | D:3      | Noticed Ijyb
  2388 | D:3      | Killed Ijyb
  2389 | D:3      | Reached skill level 8 in Maces & Flails
  2448 | D:3      | Found Fumiru's Assorted Antiques.
  2857 | D:4      | Noticed sanka's ghost (amateur HOFi)
  2857 | D:4      | Found a transporter.
  2858 | D:4      | Identified the +3 dire flail of Naechire {spect, *Rage
                  | rF+++ Will+ Str-4}
  2962 | D:4      | Found a staircase to the Ecumenical Temple.
  3000 | Temple   | Entered the Ecumenical Temple
  3023 | Temple   | Became a worshipper of the Shining One
  3310 | D:4      | Noticed a sky beast
  3315 | D:4      | Reached skill level 9 in Maces & Flails
  3315 | D:4      | Reached XP level 7. HP: 51/59 MP: 6/6
  3384 | D:4      | Identified the +8 chain mail of Sin {Str+5}
  3512 | D:5      | Entered Level 5 of the Dungeon
  3642 | D:5      | Reached skill level 10 in Maces & Flails
  3857 | D:5      | Reached skill level 11 in Maces & Flails
  3966 | D:5      | Reached XP level 8. HP: 63/66 MP: 7/7
  4281 | D:6      | Found a runed translucent gate.
  4281 | D:6      | Found a runed translucent gate.
  4281 | D:6      | Found a runed translucent gate.
  4336 | D:6      | Reached * piety under the Shining One
  4357 | D:6      | Reached skill level 12 in Maces & Flails
  4473 | D:6      | Killed from afar by an electric eel

Vanquished Creatures
  Sigmund (D:3)
  A black bear (D:4)
  2 sky beasts
  An ogre (D:5)
  A centaur (D:5)
  A scorpion (D:6)
  A howler monkey (D:5)
  A bombardier beetle (D:3)
  2 hounds
  Ijyb (D:3)
  2 gnoll boudas (D:5)
  A sleepcap (D:5)
  4 iguanas
  An orc wizard (D:4)
  Robin (D:3)
  5 adders
  9 gnolls
  8 dart slugs
  A ribbon worm (D:2)
  9 orcs
  5 bats
  8 endoplasms
  3 giant cockroaches
  9 goblins
  7 hobgoblins
  4 jackals (D:2)
  5 quokkas
  5 ball pythons
  4 frilled lizards
  5 kobolds
  5 rats
113 creatures vanquished.

Vanquished Creatures (collateral kills)
  A gnoll (D:5)
  2 goblins (D:3)
3 creatures vanquished.

Vanquished Creatures (others)
  An orc (D:5)
  A goblin (D:3)
2 creatures vanquished.

Grand Total: 118 creatures vanquished
